 Dungeon Crawl Stone Soup version 0.24-a0-317-g5cb8de4 (webtiles) character file.

Game seed: 16844113651245241855

2 suvakkihuora the Sneak (level 1, 0/16 HPs)
             Began as a Formicid Assassin on May 16, 2019.
             Slain by a hound (5 damage)
             ... on level 10 of the Dungeon.
             The game lasted 00:01:28 (121 turns).

suvakkihuora the Sneak (Formicid Assassin)           Turns: 121, Time: 00:01:29

Health: 0/16       AC:  3    Str: 15    XL:     1   Next: 44%
Magic:  1/1        EV: 11    Int: 10    God:
Gold:   17         SH:  0    Dex: 12    Spells: 0/0 levels left

rFire    . . .     SeeInvis +   a - +2 dagger
rCold    . . .     Gourm    .   (no shield)
rNeg     . . .     Faith    .   b - +0 robe
rPois    .         Spirit   .   (helmet unavailable)
rElec    .         Reflect  .   c - +0 cloak
rCorr    .         Harm     .   (no gloves)
MR       .....                  (no boots)
Stlth    +++.......             (no amulet)
HPRegen  0.05/turn              (no ring)
MPRegen  0.07/turn              (no ring)

@: no status effects
A: permanent stasis, dig shafts and tunnels, four strong arms, antennae 3
a: Dig, Shaft Self


You were on level 10 of the Dungeon.
You were not hungry.

You visited 1 branch of the dungeon, and saw 7 of its levels.

You collected 17 gold pieces.

Inventory:

Hand Weapons
 a - a +2 dagger (weapon)
Missiles
 d - 3 poisoned darts (quivered)
Armour
 b - a +0 robe (worn)
 c - a +0 cloak (worn)
 i - a +0 pair of gloves
Scrolls
 h - a scroll of enchant weapon {unknown}
Comestibles
 f - a ration
 g - 3 chunks of flesh


   Skills:
 + Level 2.1 Fighting
 + Level 2.0 Short Blades
 + Level 2.0 Throwing
 + Level 0.8 Dodging
 + Level 5.0 Stealth


You couldn't memorise any spells.
You didn't know any spells.
Your spell library was empty.

Dungeon Overview and Level Annotations

Branches:
Dungeon (8/15)
 Temple: D:4-7         Lair: D:8-11

Altars:

Annotations:
D:7 Harold


Innate Abilities, Weirdness & Mutations

You cannot be hasted, slowed, berserked, paralysed or teleported.
You can dig through walls and to a lower floor.
Your four strong arms can wield two-handed weapons with a shield.
You have a pair of large antennae on your head. (SInv)


Message History

Unknown command.
You barely miss the hound.
The hound is moderately wounded.
The hound bites you but does no damage.
You hit the hound.
The hound is moderately wounded.
The hound bites you but does no damage.
You hit the hound.
The hound is heavily wounded.
The hound barely misses you.
You miss the hound.
The hound is severely wounded.
The hound misses you. The hound bites you but does no damage.
You miss the hound.
The hound is severely wounded.
The hound barely misses you.
You barely miss the hound.
The hound is severely wounded.
The hound barely misses you. The hound bites you.
You die...

.# ### .. ##hh# ####.
#....##..##.
#....+....#.#########..
#....#..(h@.......
##..####.....###..
##'#..#.........
##....#....#### {
{#...(#...## ##..###.##
{{{ #+## #.# ..# #.#
.... .#


You could see a hound.

Vanquished Creatures
  A goblin (D:2)
  A kobold (D:3)
  A rat (D:2)
3 creatures vanquished.

Notes
Turn   | Place    | Note
-------+----------+-------------------------------------------
     0 | D:1      | suvakkihuora the Formicid Assassin began the quest for the
                  | Orb.
     0 | D:1      | Reached XP level 1. HP: 16/16 MP: 1/1
    16 | D:2      | Reached skill level 5 in Stealth
    22 | D:2      | You fall through a shaft!
    42 | D:3      | You fall through a shaft for 3 floors!
    42 | D:6      | Noticed a crimson imp
    52 | D:6      | You fall through a shaft!
    55 | D:8      | Noticed a centaur
    80 | D:7      | Noticed Harold
    84 | D:7      | You fall through a shaft for 3 floors!
    84 | D:10     | Entered Level 10 of the Dungeon
    94 | D:10     | Noticed a howler monkey
   101 | D:10     | Noticed a troll
   105 | D:10     | Noticed a hound
   121 | D:10     | Slain by a hound

Levels and vault maps discovered:
D:1:      dpeg_arrival_pits, layout_basic, minmay_statues_item, st_stairs_10,
          tso_altar
D:2:      layout_basic, serial_rivers, chequers_serial_rivers_room_a,
          chequers_serial_rivers_large_a, chequers_serial_rivers_marsh,
          chequers_serial_rivers_micro_d, chequers_serial_rivers_large_b,
          uniq_sigmund, uniq_robin
D:3:      layout_loops_ring
D:6:      layout_loops_cross, serial_shops, kennysheep_mini, basic_altar
D:7:      layout_basic, serial_bayou_pond_e, hex_large,
          nicolae_qazlal_general_emergency, uniq_harold
D:8:      layout_loops_ring, grunt_dithmenos_shadows, erik_lair_island,
          the_bakery, hangedman_glass_teeth, patterned_corridor
D:10:     minmay_bubble_buster, layout_loops_ring, serial_park_tiny_pond

Skill      XL: |  1 |
---------------+----+-----
Stealth        | 5 |  5.0
Fighting       | |  2.1
Short Blades   | |  2.0
Throwing       | |  2.0
Dodging        | |  0.8

Action                   || total
-------------------------++-------
Melee: Dagger            ||    11
Throw: Dart              ||     7
 Abil: Shaft Self        ||     4
       Dig               ||     1
 Stab: Sleeping          ||     3
Armor: Robe              ||     3
Dodge: Dodged            ||    11

Table legend:
 A = Non-vault XP
 B = Vault XP
 C = Vault XP percentage of total XP
 D = Non-vault monster count
 E = Vault monster count
 F = Vault count percentage of total count
                 A         B        C        D         E       F
            +---------+---------+-------+---------+---------+-------
      Total |       4 |       0 |   0.0 |       3 |       0 |   0.0
            +---------+---------+-------+---------+---------+-------
        D:2 |       3 |       0 |   0.0 |       2 |       0 |   0.0
        D:3 |       1 |       0 |   0.0 |       1 |       0 |   0.0
            +---------+---------+-------+---------+---------+-------
